Blues vs Stars
Created - March 3, 2018 at 20:01
Goals
|
| Blues |
3 |
0 |
1 |
4 |
| Stars |
1 |
1 |
0 |
2 |
|
Shots
|
| Blues |
9 |
10 |
5 |
24 |
| Stars |
11 |
6 |
14 |
31 |
|
1st period
1. Blues , David Perron 26 (Nicklas Backstrom 47, Alex Pietrangelo 50) at 4:18
2. Blues , David Perron 27 (Nicklas Backstrom 48, Alex Pietrangelo 51) at 9:57 (PP)
3. Blues , Travis Zajac 23 (Alex Pietrangelo 52, Ted Purcell 22) at 17:28
4. Stars , Evgeny Artyukhin 9 (Trevor Daley 12, Ryan Getzlaf 21) at 18:33 (PP)
Penalties :
Brian Lee (Dal) for Holding (Minor) at 8:59, Marian Hossa (STL) for Tripping (Minor) at 17:42
2nd period
5. Stars , Evgeny Artyukhin 10 (Jussi Jokinen 29) at 16:27
Penalties :
Sergei Shirokov (STL) for Hooking (Minor) at 7:03, Patrick Kaleta (STL) for Delaying the game (Minor) at 13:01, Ryan Getzlaf (Dal) for Tripping (Minor) at 18:22
3rd period
6. Blues , Marian Hossa 27 (David Perron 32, Nicklas Backstrom 49) at 12:51
Penalties :
Yann Sauvé (STL) for Hooking (Minor) at 7:23, Alex Pietrangelo (STL) for High sticking (Minor) at 13:04, Scott Hartnell (Dal) for Hooking (Minor) at 18:29
Goalie Stats
Carey Price (STL), 29 saves from 31 shots - (0.935), W, 24-25-5, 60:00 minutes
Pascal Leclaire (Dal), 20 saves from 24 shots - (0.833), L, 26-18-2, 60:00 minutes
Players Stats for Blues
Player Name G A P +/- PIM S H SB GA TA FO MP PP MP PK MP
------------------------------------------------------------------------------------
Alex Pietrangelo 0 3 3 1 2 2 1 2 0 1 0/0 22:45 3:14 1:00
Blake Wheeler 0 0 0 1 0 0 0 0 0 1 1/2 16:59 0:00 4:57
Bryce Lampman 0 0 0 1 0 2 3 1 0 3 0/0 24:30 1:13 5:12
David Perron 2 1 3 2 0 6 2 2 1 0 1/2 19:38 2:37 0:00
Derek Boogaard 0 0 0 0 0 2 3 0 0 0 1/1 8:52 0:00 1:18
Jake Gardiner 0 0 0 0 0 1 2 1 1 1 0/0 23:30 3:14 3:35
Linus Omark 0 0 0 -1 0 1 1 0 0 0 0/0 10:08 0:00 0:00
Logan Couture 0 0 0 -1 0 0 1 0 1 0 4/6 12:45 0:00 2:37
Marian Hossa 1 0 1 2 2 1 1 1 0 1 1/2 19:37 2:37 0:00
Nicklas Backstrom 0 3 3 2 0 1 4 2 0 1 16/29 21:27 2:37 1:42
Patrick Kaleta 0 0 0 0 2 3 0 0 0 0 0/0 9:22 0:00 1:55
Sergei Shirokov 0 0 0 -1 2 2 1 0 1 0 0/0 11:58 1:50 0:00
Shaone Morrisonn 0 0 0 1 0 0 1 2 0 1 0/0 16:24 0:00 4:43
Ted Purcell 0 1 1 1 0 0 1 0 0 1 0/1 13:52 1:50 0:00
Tomas Plekanec 0 0 0 0 0 1 0 0 0 0 2/4 7:02 0:00 0:00
Travis Zajac 1 0 1 1 0 2 1 0 0 0 5/16 19:24 1:50 5:05
Victor Hedman 0 0 0 0 0 0 0 1 0 0 0/0 15:26 1:13 0:21
Yann Sauvé 0 0 0 1 2 0 1 1 1 1 0/0 17:29 0:00 2:43
Players Stats for Stars
Player Name G A P +/- PIM S H SB GA TA FO MP PP MP PK MP
------------------------------------------------------------------------------------
Andrei Markov 0 0 0 0 0 1 0 0 0 1 0/0 14:10 0:09 0:00
Antoine Vermette 0 0 0 0 0 1 0 0 0 0 3/4 11:06 0:44 0:40
Brian Lee 0 0 0 -2 2 1 1 0 0 1 0/0 26:32 5:30 2:24
Daniel Cleary 0 0 0 0 0 1 1 0 0 0 0/0 8:44 0:38 0:00
Drew Fata 0 0 0 -2 0 0 2 0 0 0 0/0 27:24 5:30 3:15
Dustin Penner 0 0 0 0 0 0 1 0 0 0 0/0 9:14 0:11 1:03
Evgeny Artyukhin 2 0 2 0 0 3 0 0 0 0 1/1 16:26 3:40 0:00
John Tavares 0 0 0 -2 0 7 3 0 2 0 20/41 23:41 4:29 3:00
Johnny Oduya 0 0 0 0 0 1 1 1 1 0 0/0 18:26 3:08 1:12
Jussi Jokinen 0 1 1 0 0 2 1 0 3 0 0/0 18:04 3:40 1:27
Matt Cooke 0 0 0 0 0 2 4 0 0 0 0/0 10:23 0:35 0:00
Michael Frolik 0 0 0 -2 0 3 0 0 4 2 0/0 21:13 4:29 0:34
Michal Handzus 0 0 0 0 0 2 1 0 0 0 1/4 8:00 0:00 0:00
Patrick Eaves 0 0 0 0 0 1 1 0 0 0 0/0 9:31 0:00 0:00
Raphael Diaz 0 0 0 0 0 2 1 1 1 0 0/0 15:01 0:09 0:51
Ryan Getzlaf 0 1 1 0 2 1 1 1 0 0 7/12 16:27 3:40 0:00
Scott Hartnell 0 0 0 -2 2 1 1 1 0 1 0/1 22:42 4:15 2:10
Trevor Daley 0 1 1 0 0 2 0 0 0 0 0/0 18:26 3:08 1:12
3 Stars
1 - David Perron (STL)
2 - Nicklas Backstrom (STL)
3 - Evgeny Artyukhin (Dal)
Power Play
Blues - 1 on 3 Attempt(s) - 33.33%
Stars - 1 on 5 Attempt(s) - 20.00%
Penalty Kill
Blues - 4 on 5 Attempt(s) - 80.00%
- Score 0 goal in Penalty Kill
Stars - 2 on 3 Attempt(s) - 66.67%
- Score 0 goal in Penalty Kill
Team Stat
Blues - Hits : 23 - Faceoff Wins : 31 - Blocked Shots : 13 - Penalty Minutes : 10
Stars - Hits : 19 - Faceoff Wins : 32 - Blocked Shots : 4 - Penalty Minutes : 6
Official
Referees : Rooney Chris and Kimmerly Greg
Linesman : Thor Nelson and Mark Pare
Game Notes
No Game Note
Finance
Level 1 -- Attendance: 5384 (89.73%) -- Ticket Income $376,880
Level 2 -- Attendance: 3835 (76.70%) -- Ticket Income $230,100
Level 3 -- Attendance: 1091 (54.55%) -- Ticket Income $54,550
Level 4 -- Attendance: 2069 (51.73%) -- Ticket Income $82,760
Luxury Box -- Attendance: 1000 (100.00%) -- Ticket Income $105,000
Game was played at the American Airlines Center.
Total Attendance: 13379 (74.33%)
Total Ticket Income: $849,290
Other Income: $127,394
Total Income: $976,684
Blues
5 vs 5 Forward
Center Left Wing Right Wing Time % Phy DF OF
1 Nicklas Backstrom David Perron Marian Hossa 40 1 2 2
2 Travis Zajac Ted Purcell Blake Wheeler 30 1 2 2
3 Logan Couture Linus Omark Sergei Shirokov 20 1 2 2
4 Tomas Plekanec Derek Boogaard Patrick Kaleta 10 1 2 2
5 vs 5 Defense
Defense Defense Time % Phy DF OF
1 Alex Pietrangelo Bryce Lampman 40 1 2 2
2 Jake Gardiner Victor Hedman 30 1 2 2
3 Shaone Morrisonn Yann Sauvé 20 1 2 2
4 Jake Gardiner Yann Sauvé 10 1 2 2
PowerPlay Forward
Center Left Wing Right Wing Time % Phy DF OF
1 Nicklas Backstrom David Perron Marian Hossa 60 1 2 2
2 Travis Zajac Ted Purcell Sergei Shirokov 40 1 2 2
PowerPlay Defense
Defense Defense Time % Phy DF OF
1 Jake Gardiner Alex Pietrangelo 60 1 2 2
2 Victor Hedman Bryce Lampman 40 1 2 2
Penalty Kill 4 Players Forward
Center Wing Time % Phy DF OF
1 Travis Zajac Blake Wheeler 60 1 2 2
2 Logan Couture Patrick Kaleta 40 1 2 2
Penalty Kill 4 Players Defense
Defense Defense Time % Phy DF OF
1 Shaone Morrisonn Bryce Lampman 60 1 2 2
2 Yann Sauvé Jake Gardiner 40 1 2 2
Penalty Kill - 3 Players Forward
Forward Time % Phy DF OF
1 Travis Zajac 60 1 2 2
2 Tomas Plekanec 40 1 2 2
Penalty Kill - 3 Players Defense
Defense Defense Time % Phy DF OF
1 Bryce Lampman Shaone Morrisonn 60 1 2 2
2 Alex Pietrangelo Jake Gardiner 40 1 2 2
4 vs 4 Forward
Center Wing Time % Phy DF OF
1 Travis Zajac Sergei Shirokov 60 1 2 2
2 Nicklas Backstrom Linus Omark 40 1 2 2
4 vs 4 Defense
Defense Defense Time % Phy DF OF
1 Victor Hedman Alex Pietrangelo 60 1 2 2
2 Bryce Lampman Jake Gardiner 40 1 2 2
Last Minutes Offensive
Center Left Wing Right Wing Defense Defense
Nicklas Backstrom David Perron Marian Hossa Jake Gardiner Alex Pietrangelo
Last Minutes Defensive
Center Left Wing Right Wing Defense Defense
Travis Zajac Ted Purcell Patrick Kaleta Bryce Lampman Yann Sauvé
Goaltenders
Starting : Carey Price
Backup : Ray Emery
Extra Forwards
Normal : Patrick Kaleta, Logan Couture, David Perron - PP : Sergei Shirokov, Tomas Plekanec - PK : Nicklas Backstrom
Extra Defensemen
Normal : Jake Gardiner, Yann Sauvé, Victor Hedman - PP : Shaone Morrisonn - PK : Alex Pietrangelo, Victor Hedman
Penalty Shots
David Perron, Ted Purcell, Marian Hossa, Logan Couture, Nicklas Backstrom
Scratches
Marcel Hossa (Healthy), Rickard Wallin (Healthy)
Stars
5 vs 5 Forward
Center Left Wing Right Wing Time % Phy DF OF
1 John Tavares Scott Hartnell Michael Frolik 40 1 2 2
2 Ryan Getzlaf Jussi Jokinen Evgeny Artyukhin 30 1 2 2
3 Antoine Vermette Matt Cooke Patrick Eaves 20 1 2 2
4 Michal Handzus Dustin Penner Daniel Cleary 10 1 2 2
5 vs 5 Defense
Defense Defense Time % Phy DF OF
1 Drew Fata Brian Lee 40 1 2 2
2 Johnny Oduya Trevor Daley 30 1 2 2
3 Andrei Markov Raphael Diaz 20 1 2 2
4 Drew Fata Brian Lee 10 1 2 2
PowerPlay Forward
Center Left Wing Right Wing Time % Phy DF OF
1 John Tavares Scott Hartnell Michael Frolik 60 1 2 2
2 Ryan Getzlaf Jussi Jokinen Evgeny Artyukhin 40 1 2 2
PowerPlay Defense
Defense Defense Time % Phy DF OF
1 Drew Fata Brian Lee 60 1 2 2
2 Johnny Oduya Trevor Daley 40 1 2 2
Penalty Kill 4 Players Forward
Center Wing Time % Phy DF OF
1 John Tavares Scott Hartnell 60 1 2 2
2 Jussi Jokinen Michael Frolik 40 1 2 2
Penalty Kill 4 Players Defense
Defense Defense Time % Phy DF OF
1 Drew Fata Brian Lee 60 1 2 2
2 Johnny Oduya Trevor Daley 40 1 2 2
Penalty Kill - 3 Players Forward
Forward Time % Phy DF OF
1 John Tavares 60 1 2 2
2 Scott Hartnell 40 1 2 2
Penalty Kill - 3 Players Defense
Defense Defense Time % Phy DF OF
1 Drew Fata Brian Lee 60 1 2 2
2 Johnny Oduya Trevor Daley 40 1 2 2
4 vs 4 Forward
Center Wing Time % Phy DF OF
1 John Tavares Scott Hartnell 60 1 2 2
2 Jussi Jokinen Michael Frolik 40 1 2 2
4 vs 4 Defense
Defense Defense Time % Phy DF OF
1 Drew Fata Brian Lee 60 1 2 2
2 Johnny Oduya Trevor Daley 40 1 2 2
Last Minutes Offensive
Center Left Wing Right Wing Defense Defense
John Tavares Scott Hartnell Michael Frolik Drew Fata Brian Lee
Last Minutes Defensive
Center Left Wing Right Wing Defense Defense
John Tavares Scott Hartnell Michael Frolik Drew Fata Brian Lee
Goaltenders
Starting : Pascal Leclaire
Backup : Miika Kiprusoff
Extra Forwards
Normal : Antoine Vermette, Matt Cooke, Dustin Penner - PP : Antoine Vermette, Matt Cooke - PK : Dustin Penner
Extra Defensemen
Normal : Andrei Markov, Raphael Diaz, Johnny Oduya - PP : Andrei Markov - PK : Raphael Diaz, Johnny Oduya
Penalty Shots
John Tavares, Scott Hartnell, Jussi Jokinen, Michael Frolik, Ryan Getzlaf
Scratches
Jamie Langenbrunner (Healthy)
% Time on Ice - Blues
Lines # - Real PCT - Wanted PCT - Time Play
Normal Forward
1 - 38% - 40% - 17:34
2 - 26% - 30% - 12:02
3 - 22% - 20% - 10:08
4 - 15% - 10% - 7:02
Normal Defense
1 - 40% - 40% - 18:42
2 - 29% - 30% - 13:30
3 - 24% - 20% - 11:25
4 - 7% - 10% - 3:09
PP Forward
1 - 59% - 60% - 2:37
2 - 41% - 40% - 1:50
PP Defense
1 - 73% - 60% - 3:14
2 - 27% - 40% - 1:13
PK Forward
1 - 71% - 60% - 6:13
2 - 29% - 40% - 2:34
PK Defense
1 - 59% - 60% - 5:12
2 - 41% - 40% - 3:35
PK3 Forward
1 - 0% - 60%
2 - 0% - 40%
PK3 Defense
1 - 0% - 60%
2 - 0% - 40%
44 Forward
1 - 0% - 60%
2 - 0% - 40%
44 Defense
1 - 0% - 60%
2 - 0% - 40%
Last Minute Offensive - 0:00
Last Minute Defensive - 0:00
Total
Forward - 60:00
Defense - 60:00
|
% Time on Ice - Stars
Lines # - Real PCT - Wanted PCT - Time Play
Normal Forward
1 - 35% - 40% - 16:18
2 - 28% - 30% - 12:57
3 - 20% - 20% - 9:31
4 - 17% - 10% - 8:00
Normal Defense
1 - 35% - 40% - 16:19
2 - 30% - 30% - 14:06
3 - 29% - 20% - 13:46
4 - 6% - 10% - 2:35
PP Forward
1 - 58% - 60% - 5:07
2 - 42% - 40% - 3:40
PP Defense
1 - 64% - 60% - 5:39
2 - 36% - 40% - 3:08
PK Forward
1 - 87% - 60% - 3:53
2 - 13% - 40% - 0:34
PK Defense
1 - 73% - 60% - 3:15
2 - 27% - 40% - 1:12
PK3 Forward
1 - 0% - 60%
2 - 0% - 40%
PK3 Defense
1 - 0% - 60%
2 - 0% - 40%
44 Forward
1 - 0% - 60%
2 - 0% - 40%
44 Defense
1 - 0% - 60%
2 - 0% - 40%
Last Minute Offensive - 0:00
Last Minute Defensive - 0:00
Total
Forward - 60:00
Defense - 60:00
|
Play by Play
1st period
0:01 of 1st period - Nicklas Backstrom wins face-off versus John Tavares in neutral zone.
0:05 of 1st period - Off-side.
0:06 of 1st period - Nicklas Backstrom wins face-off versus John Tavares in neutral zone.
0:21 of 1st period - Bryce Lampman is hit by John Tavares and loses puck.
1:37 of 1st period - Slapshot by Patrick Kaleta.
1:37 of 1st period - Stopped by Pascal Leclaire without a rebound.
1:38 of 1st period - John Tavares wins face-off versus Nicklas Backstrom in Stars zone.
2:35 of 1st period - Wrist shot by Antoine Vermette.
2:35 of 1st period - Shot Misses the Net.
4:18 of 1st period - Snap shot by David Perron.
4:18 of 1st period - Goal by David Perron - Blues : 1 - Stars : 0.
4:19 of 1st period - Ryan Getzlaf wins face-off versus Travis Zajac in neutral zone.
5:27 of 1st period - Wrist shot by Patrick Kaleta.
5:27 of 1st period - Deflect By Tomas Plekanec.
5:27 of 1st period - Shot Blocked by Johnny Oduya.
5:27 of 1st period - Puck is out of play.
5:28 of 1st period - Tomas Plekanec wins face-off versus Michal Handzus in Stars zone.
5:33 of 1st period - Slapshot by Patrick Kaleta.
5:33 of 1st period - Shot Misses the Net.
5:57 of 1st period - Snap shot by John Tavares.
5:57 of 1st period - Stopped by Carey Price with a rebound.
6:15 of 1st period - Alex Pietrangelo is hit by Raphael Diaz.
6:33 of 1st period - Snap shot by Nicklas Backstrom.
6:33 of 1st period - Shot Misses the Net.
6:35 of 1st period - Slapshot by Bryce Lampman.
6:35 of 1st period - Stopped by Pascal Leclaire without a rebound.
6:36 of 1st period - Ryan Getzlaf wins face-off versus Travis Zajac in Stars zone.
7:01 of 1st period - Scott Hartnell is hit by Linus Omark.
7:27 of 1st period - Drew Fata is hit by Derek Boogaard and loses puck.
8:22 of 1st period - John Tavares is hit by Derek Boogaard and loses puck.
8:27 of 1st period - Slapshot by Alex Pietrangelo.
8:27 of 1st period - Deflect By Brian Lee.
8:27 of 1st period - Stopped by Pascal Leclaire without a rebound.
8:28 of 1st period - John Tavares wins face-off versus Tomas Plekanec in Stars zone.
8:59 of 1st period - Minor Penalty to Brian Lee for Holding.
9:00 of 1st period - Nicklas Backstrom wins face-off versus John Tavares in Stars zone.
9:57 of 1st period - Wrist shot by David Perron.
9:57 of 1st period - Goal by David Perron - Blues : 2 - Stars : 0.
9:58 of 1st period - John Tavares wins face-off versus David Perron in neutral zone.
10:49 of 1st period - Sergei Shirokov is hit by Matt Cooke and loses puck.
11:08 of 1st period - Snap shot by Michal Handzus.
11:08 of 1st period - Stopped by Carey Price without a rebound.
11:09 of 1st period - Michal Handzus wins face-off versus Marian Hossa in Blues zone.
11:12 of 1st period - Slapshot by Brian Lee.
11:12 of 1st period - Stopped by Carey Price without a rebound.
11:13 of 1st period - Nicklas Backstrom wins face-off versus Michal Handzus in Blues zone.
11:17 of 1st period - Off-side.
11:18 of 1st period - Nicklas Backstrom wins face-off versus John Tavares in neutral zone.
11:29 of 1st period - Slapshot by Nicklas Backstrom.
11:29 of 1st period - Deflect By John Tavares.
11:29 of 1st period - Shot Misses the Net.
11:29 of 1st period - Puck is out of play.
11:30 of 1st period - Travis Zajac wins face-off versus John Tavares in Stars zone.
12:10 of 1st period - Snap shot by Travis Zajac.
12:10 of 1st period - Shot Misses the Net.
12:16 of 1st period - Wrist shot by Travis Zajac.
12:16 of 1st period - Deflect By John Tavares.
12:16 of 1st period - Shot Misses the Net.
12:16 of 1st period - Puck is out of play.
12:17 of 1st period - Nicklas Backstrom wins face-off versus Ryan Getzlaf in Stars zone.
12:32 of 1st period - Snap shot by Ryan Getzlaf.
12:32 of 1st period - Stopped by Carey Price with a rebound.
12:47 of 1st period - Snap shot by Patrick Eaves.
12:47 of 1st period - Stopped by Carey Price with a rebound.
12:49 of 1st period - Slapshot by Raphael Diaz.
12:49 of 1st period - Stopped by Carey Price with a rebound.
12:51 of 1st period - Slapshot by Raphael Diaz.
12:51 of 1st period - Stopped by Carey Price with a rebound.
13:13 of 1st period - Snap shot by Patrick Kaleta.
13:13 of 1st period - Stopped by Pascal Leclaire with a rebound.
13:20 of 1st period - Icing by Raphael Diaz.
13:21 of 1st period - David Perron wins face-off versus Michal Handzus in Stars zone.
13:44 of 1st period - Jake Gardiner is hit by Daniel Cleary and loses puck.
14:32 of 1st period - Wrist shot by David Perron.
14:32 of 1st period - Stopped by Pascal Leclaire with a rebound.
14:47 of 1st period - Off-side.
14:48 of 1st period - Ryan Getzlaf wins face-off versus Travis Zajac in neutral zone.
15:51 of 1st period - Shaone Morrisonn is hit by Matt Cooke and loses puck.
16:06 of 1st period - Backhand shot by Travis Zajac.
16:06 of 1st period - Deflect By Evgeny Artyukhin.
16:06 of 1st period - Shot Misses the Net.
16:06 of 1st period - Puck is out of play.
16:07 of 1st period - Blake Wheeler wins face-off versus Ryan Getzlaf in Stars zone.
16:31 of 1st period - Johnny Oduya is hit by Bryce Lampman and loses puck.
17:28 of 1st period - Slapshot by Travis Zajac.
17:28 of 1st period - Goal by Travis Zajac - Blues : 3 - Stars : 0.
17:29 of 1st period - Nicklas Backstrom wins face-off versus John Tavares in neutral zone.
17:32 of 1st period - Snap shot by David Perron.
17:32 of 1st period - Deflect By Nicklas Backstrom.
17:32 of 1st period - Shot Misses the Net.
17:32 of 1st period - Puck is out of play.
17:33 of 1st period - John Tavares wins face-off versus Nicklas Backstrom in Stars zone.
17:33 of 1st period - John Tavares is hit by Marian Hossa.
17:42 of 1st period - Minor Penalty to Marian Hossa for Tripping.
17:43 of 1st period - John Tavares wins face-off versus Travis Zajac in Blues zone.
17:43 of 1st period - Snap shot by Michael Frolik.
17:43 of 1st period - Stopped by Carey Price without a rebound.
17:44 of 1st period - Travis Zajac wins face-off versus John Tavares in Blues zone.
18:23 of 1st period - Snap shot by John Tavares.
18:23 of 1st period - Stopped by Carey Price without a rebound.
18:24 of 1st period - Ryan Getzlaf wins face-off versus Travis Zajac in Blues zone.
18:29 of 1st period - Wrist shot by Ryan Getzlaf.
18:29 of 1st period - Shot Misses the Net.
18:31 of 1st period - Slapshot by Trevor Daley.
18:31 of 1st period - Stopped by Carey Price with a rebound.
18:33 of 1st period - Slapshot by Evgeny Artyukhin.
18:33 of 1st period - Goal by Evgeny Artyukhin - Blues : 3 - Stars : 1.
18:34 of 1st period - Nicklas Backstrom wins face-off versus John Tavares in neutral zone.
19:31 of 1st period - Snap shot by Patrick Kaleta.
19:31 of 1st period - Stopped by Pascal Leclaire with a rebound.
Goals for this period are 3 for Blues vs 1 for Stars.
Shots for this period are 9 for Blues vs 11 for Stars.
2nd period
0:01 of 2nd period - John Tavares wins face-off versus Nicklas Backstrom in neutral zone.
0:08 of 2nd period - Wrist shot by Scott Hartnell.
0:08 of 2nd period - Shot Misses the Net.
0:10 of 2nd period - Wrist shot by Michael Frolik.
0:10 of 2nd period - Shot Blocked by Nicklas Backstrom.
0:12 of 2nd period - Slapshot by Brian Lee.
0:12 of 2nd period - Shot Blocked by Jake Gardiner.
0:14 of 2nd period - Wrist shot by Michael Frolik.
0:14 of 2nd period - Stopped by Carey Price with a rebound.
0:16 of 2nd period - Backhand shot by Brian Lee.
0:16 of 2nd period - Shot Blocked by David Perron.
0:40 of 2nd period - Snap shot by Nicklas Backstrom.
0:40 of 2nd period - Stopped by Pascal Leclaire without a rebound.
0:41 of 2nd period - Logan Couture wins face-off versus John Tavares in Stars zone.
0:46 of 2nd period - Snap shot by Sergei Shirokov.
0:46 of 2nd period - Stopped by Pascal Leclaire without a rebound.
0:47 of 2nd period - Logan Couture wins face-off versus John Tavares in Stars zone.
1:02 of 2nd period - Wrist shot by Sergei Shirokov.
1:02 of 2nd period - Shot Misses the Net.
1:48 of 2nd period - Icing by Matt Cooke.
1:49 of 2nd period - Antoine Vermette wins face-off versus Tomas Plekanec in Stars zone.
1:54 of 2nd period - Jake Gardiner is hit by Brian Lee and loses puck.
3:07 of 2nd period - Dustin Penner is hit by Alex Pietrangelo and loses puck.
3:24 of 2nd period - Snap shot by John Tavares.
3:24 of 2nd period - Stopped by Carey Price without a rebound.
3:25 of 2nd period - John Tavares wins face-off versus Nicklas Backstrom in Blues zone.
3:30 of 2nd period - Wrist shot by John Tavares.
3:30 of 2nd period - Shot Misses the Net.
3:32 of 2nd period - Wrist shot by Michael Frolik.
3:32 of 2nd period - Shot Blocked by Marian Hossa.
3:34 of 2nd period - Slapshot by Michael Frolik.
3:34 of 2nd period - Stopped by Carey Price with a rebound.
3:37 of 2nd period - Icing by Jake Gardiner.
3:38 of 2nd period - John Tavares wins face-off versus Nicklas Backstrom in Blues zone.
3:51 of 2nd period - Snap shot by Scott Hartnell.
3:51 of 2nd period - Shot Blocked by Nicklas Backstrom.
3:53 of 2nd period - Slapshot by Andrei Markov.
3:53 of 2nd period - Deflect By Michael Frolik.
3:53 of 2nd period - Shot Misses the Net.
3:53 of 2nd period - Puck is out of play.
3:54 of 2nd period - Travis Zajac wins face-off versus Ryan Getzlaf in Blues zone.
3:54 of 2nd period - Travis Zajac is hit by Drew Fata.
4:19 of 2nd period - Brian Lee is hit by Nicklas Backstrom and loses puck.
4:24 of 2nd period - Slapshot by David Perron.
4:24 of 2nd period - Shot Misses the Net.
4:51 of 2nd period - Snap shot by Tomas Plekanec.
4:51 of 2nd period - Stopped by Pascal Leclaire without a rebound.
4:52 of 2nd period - Evgeny Artyukhin wins face-off versus Travis Zajac in Stars zone.
5:20 of 2nd period - Snap shot by Linus Omark.
5:20 of 2nd period - Shot Misses the Net.
5:22 of 2nd period - Snap shot by Logan Couture.
5:22 of 2nd period - Shot Misses the Net.
5:24 of 2nd period - Backhand shot by Jake Gardiner.
5:24 of 2nd period - Deflect By Sergei Shirokov.
5:24 of 2nd period - Stopped by Pascal Leclaire without a rebound.
5:25 of 2nd period - John Tavares wins face-off versus Logan Couture in Stars zone.
5:52 of 2nd period - Marian Hossa is hit by Matt Cooke and loses puck.
7:03 of 2nd period - Minor Penalty to Sergei Shirokov for Hooking.
7:04 of 2nd period - John Tavares wins face-off versus Travis Zajac in Blues zone.
7:20 of 2nd period - Slapshot by Michael Frolik.
7:20 of 2nd period - Shot Blocked by Bryce Lampman.
7:38 of 2nd period - Wrist shot by Evgeny Artyukhin.
7:38 of 2nd period - Shot Blocked by Shaone Morrisonn.
7:40 of 2nd period - Slapshot by Johnny Oduya.
7:40 of 2nd period - Deflect By Evgeny Artyukhin.
7:40 of 2nd period - Stopped by Carey Price with a rebound.
7:50 of 2nd period - Patrick Kaleta is hit by John Tavares and loses puck.
9:03 of 2nd period - Penalty to Sergei Shirokov is over, Sergei Shirokov is back on ice.
9:27 of 2nd period - Slapshot by Trevor Daley.
9:27 of 2nd period - Shot Misses the Net.
9:30 of 2nd period - Icing by Alex Pietrangelo.
9:31 of 2nd period - Antoine Vermette wins face-off versus Nicklas Backstrom in Blues zone.
9:38 of 2nd period - Wrist shot by Matt Cooke.
9:38 of 2nd period - Deflect By Antoine Vermette.
9:38 of 2nd period - Shot Misses the Net.
9:38 of 2nd period - Puck is out of play.
9:39 of 2nd period - Ryan Getzlaf wins face-off versus Blake Wheeler in Blues zone.
11:21 of 2nd period - Slapshot by Travis Zajac.
11:21 of 2nd period - Deflect By Blake Wheeler.
11:21 of 2nd period - Shot Misses the Net.
11:21 of 2nd period - Puck is out of play.
11:22 of 2nd period - Travis Zajac wins face-off versus Ryan Getzlaf in Stars zone.
11:33 of 2nd period - Snap shot by Ted Purcell.
11:33 of 2nd period - Shot Blocked by Ryan Getzlaf.
11:35 of 2nd period - Wrist shot by Alex Pietrangelo.
11:35 of 2nd period - Shot Misses the Net.
11:57 of 2nd period - Snap shot by Jussi Jokinen.
11:57 of 2nd period - Deflect By Ted Purcell.
11:57 of 2nd period - Shot Misses the Net.
11:57 of 2nd period - Puck is out of play.
11:58 of 2nd period - Nicklas Backstrom wins face-off versus John Tavares in Blues zone.
12:32 of 2nd period - Snap shot by John Tavares.
12:32 of 2nd period - Stopped by Carey Price with a rebound.
12:40 of 2nd period - Matt Cooke is hit by Logan Couture.
12:50 of 2nd period - Jake Gardiner is hit by Dustin Penner and loses puck.
12:59 of 2nd period - Slapshot by Michal Handzus.
12:59 of 2nd period - Shot Misses the Net.
13:01 of 2nd period - Minor Penalty to Patrick Kaleta for Delaying the game.
13:02 of 2nd period - John Tavares wins face-off versus Travis Zajac in Blues zone.
13:32 of 2nd period - Slapshot by Brian Lee.
13:32 of 2nd period - Shot Blocked by Shaone Morrisonn.
15:01 of 2nd period - Penalty to Patrick Kaleta is over, Patrick Kaleta is back on ice.
15:15 of 2nd period - Dustin Penner is hit by Derek Boogaard and loses puck.
15:30 of 2nd period - Patrick Eaves is hit by Sergei Shirokov and loses puck.
15:39 of 2nd period - Snap shot by Alex Pietrangelo.
15:39 of 2nd period - Shot Blocked by Raphael Diaz.
15:41 of 2nd period - Slapshot by Linus Omark.
15:41 of 2nd period - Stopped by Pascal Leclaire with a rebound.
16:25 of 2nd period - Wrist shot by Jussi Jokinen.
16:25 of 2nd period - Shot Blocked by Alex Pietrangelo.
16:27 of 2nd period - Snap shot by Evgeny Artyukhin.
16:27 of 2nd period - Goal by Evgeny Artyukhin - Blues : 3 - Stars : 2.
16:28 of 2nd period - Logan Couture wins face-off versus Scott Hartnell in neutral zone.
16:35 of 2nd period - Snap shot by Sergei Shirokov.
16:35 of 2nd period - Shot Misses the Net.
16:54 of 2nd period - Victor Hedman is hit by Jussi Jokinen.
16:58 of 2nd period - Snap shot by Jake Gardiner.
16:58 of 2nd period - Stopped by Pascal Leclaire with a rebound.
17:48 of 2nd period - Slapshot by Derek Boogaard.
17:48 of 2nd period - Stopped by Pascal Leclaire without a rebound.
17:49 of 2nd period - Travis Zajac wins face-off versus Ryan Getzlaf in Stars zone.
18:22 of 2nd period - Minor Penalty to Ryan Getzlaf for Tripping.
18:23 of 2nd period - John Tavares wins face-off versus Nicklas Backstrom in Stars zone.
18:23 of 2nd period - John Tavares is hit by David Perron.
18:32 of 2nd period - Brian Lee is hit by Nicklas Backstrom and loses puck.
18:37 of 2nd period - Slapshot by Alex Pietrangelo.
18:37 of 2nd period - Stopped by Pascal Leclaire without a rebound.
18:38 of 2nd period - Nicklas Backstrom wins face-off versus John Tavares in Stars zone.
18:43 of 2nd period - Snap shot by David Perron.
18:43 of 2nd period - Stopped by Pascal Leclaire without a rebound.
18:44 of 2nd period - John Tavares wins face-off versus Nicklas Backstrom in Stars zone.
19:21 of 2nd period - Snap shot by Travis Zajac.
19:21 of 2nd period - Stopped by Pascal Leclaire with a rebound.
19:23 of 2nd period - Wrist shot by Travis Zajac.
19:23 of 2nd period - Shot Blocked by Scott Hartnell.
Goals for this period are 0 for Blues vs 1 for Stars.
Shots for this period are 10 for Blues vs 6 for Stars.
3rd period
0:01 of 3rd period - John Tavares wins face-off versus Nicklas Backstrom in neutral zone.
0:03 of 3rd period - Drew Fata is hit by David Perron and loses puck.
0:11 of 3rd period - Off-side.
0:12 of 3rd period - Nicklas Backstrom wins face-off versus John Tavares in neutral zone.
0:14 of 3rd period - Off-side.
0:15 of 3rd period - John Tavares wins face-off versus Nicklas Backstrom in neutral zone.
0:22 of 3rd period - Penalty to Ryan Getzlaf is over, Ryan Getzlaf is back on ice.
0:23 of 3rd period - Off-side.
0:24 of 3rd period - Marian Hossa wins face-off versus John Tavares in neutral zone.
0:39 of 3rd period - Slapshot by Drew Fata.
0:39 of 3rd period - Shot Misses the Net.
0:51 of 3rd period - Brian Lee is hit by Bryce Lampman and loses puck.
1:33 of 3rd period - Slapshot by Jussi Jokinen.
1:33 of 3rd period - Shot Blocked by Alex Pietrangelo.
1:35 of 3rd period - Slapshot by Johnny Oduya.
1:35 of 3rd period - Stopped by Carey Price without a rebound.
1:36 of 3rd period - Nicklas Backstrom wins face-off versus John Tavares in Blues zone.
1:36 of 3rd period - Nicklas Backstrom is hit by John Tavares.
2:02 of 3rd period - Blake Wheeler is hit by Patrick Eaves and loses puck.
2:07 of 3rd period - Snap shot by Antoine Vermette.
2:07 of 3rd period - Stopped by Carey Price with a rebound.
2:09 of 3rd period - Wrist shot by Matt Cooke.
2:09 of 3rd period - Shot Blocked by Victor Hedman.
2:11 of 3rd period - Snap shot by Andrei Markov.
2:11 of 3rd period - Shot Misses the Net.
2:13 of 3rd period - Slapshot by Andrei Markov.
2:13 of 3rd period - Stopped by Carey Price without a rebound.
2:14 of 3rd period - Nicklas Backstrom wins face-off versus John Tavares in Blues zone.
2:57 of 3rd period - Evgeny Artyukhin is hit by Travis Zajac and loses puck.
3:08 of 3rd period - Ryan Getzlaf is hit by Ted Purcell and loses puck.
3:33 of 3rd period - Travis Zajac is hit by Ryan Getzlaf and loses puck.
3:50 of 3rd period - Snap shot by Jussi Jokinen.
3:50 of 3rd period - Stopped by Carey Price with a rebound.
3:52 of 3rd period - Snap shot by Jussi Jokinen.
3:52 of 3rd period - Stopped by Carey Price without a rebound.
3:53 of 3rd period - John Tavares wins face-off versus Nicklas Backstrom in Blues zone.
4:02 of 3rd period - Wrist shot by John Tavares.
4:02 of 3rd period - Stopped by Carey Price with a rebound.
4:04 of 3rd period - Slapshot by Brian Lee.
4:04 of 3rd period - Shot Misses the Net.
4:20 of 3rd period - Victor Hedman is hit by Michal Handzus and loses puck.
4:53 of 3rd period - Trevor Daley is hit by Jake Gardiner and loses puck.
5:10 of 3rd period - Wrist shot by John Tavares.
5:10 of 3rd period - Shot Misses the Net.
5:12 of 3rd period - Snap shot by Trevor Daley.
5:12 of 3rd period - Stopped by Carey Price without a rebound.
5:13 of 3rd period - Derek Boogaard wins face-off versus John Tavares in Blues zone.
5:13 of 3rd period - Derek Boogaard is hit by Scott Hartnell.
5:29 of 3rd period - Snap shot by Patrick Kaleta.
5:29 of 3rd period - Shot Misses the Net.
5:48 of 3rd period - Wrist shot by Matt Cooke.
5:48 of 3rd period - Stopped by Carey Price without a rebound.
5:49 of 3rd period - Nicklas Backstrom wins face-off versus John Tavares in Blues zone.
5:52 of 3rd period - Backhand shot by John Tavares.
5:52 of 3rd period - Shot Blocked by Yann Sauvé.
5:54 of 3rd period - Snap shot by John Tavares.
5:54 of 3rd period - Shot Misses the Net.
5:56 of 3rd period - Snap shot by John Tavares.
5:56 of 3rd period - Stopped by Carey Price without a rebound.
5:57 of 3rd period - Nicklas Backstrom wins face-off versus John Tavares in Blues zone.
6:08 of 3rd period - Wrist shot by David Perron.
6:08 of 3rd period - Stopped by Pascal Leclaire with a rebound.
6:40 of 3rd period - Snap shot by John Tavares.
6:40 of 3rd period - Shot Misses the Net.
6:42 of 3rd period - Wrist shot by John Tavares.
6:42 of 3rd period - Stopped by Carey Price with a rebound.
7:18 of 3rd period - Wrist shot by John Tavares.
7:18 of 3rd period - Shot Misses the Net.
7:23 of 3rd period - Minor Penalty to Yann Sauvé for Hooking.
7:24 of 3rd period - Ryan Getzlaf wins face-off versus Travis Zajac in Blues zone.
7:56 of 3rd period - Jussi Jokinen is hit by Jake Gardiner and loses puck.
8:03 of 3rd period - Logan Couture is hit by Drew Fata and loses puck.
8:23 of 3rd period - Matt Cooke is hit by Bryce Lampman.
9:07 of 3rd period - Brian Lee is hit by Shaone Morrisonn.
9:23 of 3rd period - Penalty to Yann Sauvé is over, Yann Sauvé is back on ice.
9:37 of 3rd period - Snap shot by Bryce Lampman.
9:37 of 3rd period - Stopped by Pascal Leclaire without a rebound.
9:38 of 3rd period - Tomas Plekanec wins face-off versus Antoine Vermette in Stars zone.
9:59 of 3rd period - Raphael Diaz is hit by Nicklas Backstrom and loses puck.
10:41 of 3rd period - Brian Lee is hit by Yann Sauvé and loses puck.
11:59 of 3rd period - Wrist shot by Michal Handzus.
11:59 of 3rd period - Stopped by Carey Price without a rebound.
12:00 of 3rd period - John Tavares wins face-off versus Nicklas Backstrom in Blues zone.
12:05 of 3rd period - Wrist shot by John Tavares.
12:05 of 3rd period - Deflect By Scott Hartnell.
12:05 of 3rd period - Shot Blocked by David Perron.
12:05 of 3rd period - Puck is out of play.
12:06 of 3rd period - John Tavares wins face-off versus Nicklas Backstrom in Blues zone.
12:25 of 3rd period - Brian Lee is hit by Nicklas Backstrom.
12:49 of 3rd period - Snap shot by David Perron.
12:49 of 3rd period - Stopped by Pascal Leclaire with a rebound.
12:51 of 3rd period - Snap shot by Marian Hossa.
12:51 of 3rd period - Goal by Marian Hossa - Blues : 4 - Stars : 2.
12:52 of 3rd period - Ryan Getzlaf wins face-off versus Ted Purcell in neutral zone.
13:04 of 3rd period - Minor Penalty to Alex Pietrangelo for High sticking.
13:05 of 3rd period - John Tavares wins face-off versus Travis Zajac in Blues zone.
13:19 of 3rd period - Snap shot by Scott Hartnell.
13:19 of 3rd period - Stopped by Carey Price without a rebound.
13:20 of 3rd period - John Tavares wins face-off versus Travis Zajac in Blues zone.
14:13 of 3rd period - Blake Wheeler is hit by Johnny Oduya and loses puck.
15:04 of 3rd period - Penalty to Alex Pietrangelo is over, Alex Pietrangelo is back on ice.
15:29 of 3rd period - Jake Gardiner is hit by Matt Cooke and loses puck.
16:43 of 3rd period - Snap shot by Derek Boogaard.
16:43 of 3rd period - Stopped by Pascal Leclaire without a rebound.
16:44 of 3rd period - Logan Couture wins face-off versus John Tavares in Stars zone.
16:59 of 3rd period - Slapshot by Shaone Morrisonn.
16:59 of 3rd period - Shot Misses the Net.
17:51 of 3rd period - Snap shot by Daniel Cleary.
17:51 of 3rd period - Stopped by Carey Price without a rebound.
17:52 of 3rd period - Antoine Vermette wins face-off versus Logan Couture in Blues zone.
18:03 of 3rd period - Wrist shot by Matt Cooke.
18:03 of 3rd period - Stopped by Carey Price with a rebound.
18:29 of 3rd period - Minor Penalty to Scott Hartnell for Hooking.
18:30 of 3rd period - Nicklas Backstrom wins face-off versus John Tavares in Stars zone.
Goals for this period are 1 for Blues vs 0 for Stars.
Shots for this period are 5 for Blues vs 14 for Stars.
Back to the Top